 Dungeon Crawl Stone Soup version 0.23-a0-172-g8f65603 (webtiles) character file.

48582 CozyGlow the Warrior (level 14, -4/144 HPs)
             Began as a Minotaur Berserker on Sept 15, 2018.
             Was a High Priest of Trog.
             Slain by a spark wasp (7 damage)
             ... summoned by a boggart
             ... on level 1 of the Depths.
             The game lasted 01:52:47 (19534 turns).

CozyGlow the Warrior (Minotaur Berserker)          Turns: 19534, Time: 01:52:48

Health: -4/144     AC: 23    Str: 30    XL:     14   Next: 12%
Magic:  13/13      EV: 13    Int:  7    God:    Trog [*****.]
Gold:   611        SH:  0    Dex: 12    Spells: 13/13 levels left

rFire    . . .     SeeInvis .   R - +2 executioner's axe "Arbiter" {drain, Int+3}
rCold    . . .     Gourm    .   (shield currently unavailable)
rNeg     . . .     Faith    .   O - +0 plate armour
rPois    .         Spirit   .   x - +1 hat
rElec    .         Reflect  .   (no cloak)
rCorr    .         Harm     .   b - +0 pair of gloves
MR       +....                  j - +0 pair of boots
Stlth    ..........             G - amulet of the acrobat
HPRegen  0.34/turn              Y - +5 ring of strength
MPRegen  0.13/turn              t - +4 ring of protection

@: about to teleport, berserk cooldown, slowed, very slow
A: retaliatory headbutt, horns 2
a: Berserk, Trog's Hand, Brothers in Arms, Renounce Religion


You were on level 1 of the Depths.
You worshipped Trog.
Trog was extremely pleased with you.
You were not hungry.

You visited 2 branches of the dungeon, and saw 16 of its levels.

You collected 1103 gold pieces.
You spent 492 gold pieces at shops.

Inventory:

Hand Weapons
 a - a +1 triple sword of slicing
 q - a +0 hunting sling
 v - a +0 arbalest
 R - the +2 executioner's axe "Arbiter" (weapon) {drain, Int+3}
   (You bought it in a shop on level 7 of the Dungeon)

   A truly terrible weapon, it drains the life of those it strikes.
   It affects your intelligence (+3).
 S - a +1 dagger of chaos
Missiles
 d - 397 stones
 p - 7 needles of confusion
 u - 27 poisoned needles
 E - 3 throwing nets
 K - 7 tomahawks (quivered)
Armour
 b - a +0 pair of gloves (worn)
 j - a +0 pair of boots (worn)
 x - a +1 hat (worn)
 O - a +0 plate armour (worn)
Jewellery
 l - an uncursed ring of protection from fire
 m - a +5 ring of evasion
 o - an uncursed ring of see invisible
 t - a +4 ring of protection (right hand)
 w - an uncursed ring of fire
 G - an amulet of the acrobat (around neck)
 Y - a +5 ring of strength (left hand)
Wands
 y - a wand of acid (7)
 M - a wand of digging (17)
 P - a wand of flame (31)
 U - a wand of random effects (9)
 X - a wand of polymorph (9)
Scrolls
 c - 11 scrolls of remove curse
 e - a scroll of acquirement {unknown}
 f - 6 scrolls of identify
 k - 3 scrolls of amnesia
 r - a scroll of fog
 C - a scroll of random uselessness {unknown}
 D - 3 scrolls of teleportation
 I - a scroll of blinking {unknown}
 Q - 4 scrolls of enchant weapon
 T - a scroll of brand weapon {unknown}
 W - a scroll of fear {unknown}
Potions
 g - a potion of curing
 h - a potion of mutation
 s - 2 potions of invisibility
 A - 3 potions of lignification
 B - a potion of degeneration
 F - a potion of ambrosia {unknown}
 H - 3 potions of brilliance
 J - 2 potions of cancellation
 L - a potion of agility {unknown}
 N - a potion of resistance {unknown}
 V - 2 potions of heal wounds
 Z - a potion of might {unknown}
Miscellaneous
 n - a lightning rod (4/4)
Comestibles
 z - 5 rations


   Skills:
 * Level 18.4 Fighting
 + Level 14.7 Axes
 + Level 12.6 Armour
 - Level 10.4 Dodging


You had 13 spell levels left.
You didn't know any spells.
Your spell library contained the following spells:

 Spells                   Type           Power        Failure   Level  Hunger
 Confusing Touch          Hex            #.....       96%         1    ##.....
 Confuse                  Hex            #.......     100%        3    ####...
 Gell's Gravitas          Tloc           #.........   100%        3    ####...
 Petrify                  Tmut/Erth      #.......     100%        4    #####..
 Metabolic Englaciation   Hex/Ice        #.........   100%        5    ######.
 Yara's Violent Unravell  Hex/Tmut       #.........   100%        5    ######.


Dungeon Overview and Level Annotations

Branches:
Dungeon (15/15)            Temple (0/1) D:5            Lair (0/6) D:8
    Orc (0/2) D:11         Vaults (0/5) D:14         Depths (1/5) D:15

Altars:
Cheibriados
Dithmenos
Kikubaaqudgha
Nemelex Xobeh
Okawaru
Qazlal
Uskayaw
Xom
The Shining One

Shops:
D:7 [([(   D:9 [   D:13 [

Portals:
Abyss: Depths:1
Trove: D:14 (give plate armour "Meetimev")


Innate Abilities, Weirdness & Mutations

You reflexively headbutt those who attack you in melee.
You have a pair of horns on your head.


Message History

You furiously retaliate!
You headbutt the spriggan berserker simulacrum!!
The necromancer completely misses you. The spark wasp stings you!
The spark wasp shocks you!
The spriggan berserker simulacrum completely misses you.
As you read the scroll of teleportation, it crumbles to dust.
You feel strangely unstable. The spark wasp stings you!!
* * * LOW HITPOINT WARNING * * *
The spark wasp shocks you!
* * * LOW HITPOINT WARNING * * *
The centaur unwields an uncursed shortbow.
The centaur hits you but does no damage.
The spark wasp stings you.
* * * LOW HITPOINT WARNING * * *
The spark wasp shocks you!
* * * LOW HITPOINT WARNING * * *
The centaur misses you. You furiously retaliate!
You headbutt the centaur, but do no damage.
The spark wasp stings you!
You die...

# #....# ..##+###..##
#.#....#...#....#...###
#.#....#...#....##....#
#.#.>..'...#.....+....#
#...#[## #.....#....#
#.)##<.## #.....#..###
#....ggy##########÷#
#.....g##....cp..#'#
#....gZ'..y..Zy@...###
#......#†...R.c......#
#......#####c.Z.....##
##......# #.......##
.......## ######..#
.#..#### #..# .###..#
#### ... ..# ......#


You could see a rakshasa, 2 spark wasps, a centaur warrior, a necromancer, 2
centaurs, a spriggan berserker simulacrum and a tengu reaver simulacrum.

Vanquished Creatures
  Rupert (D:15)
  A fire giant (Depths:1)
  3 very ugly things (Depths:1)
  An entropy weaver (shapeshifter) (D:15)
  An ettin (Depths:1)
  A yaktaur captain (D:15)
  A great orb of eyes (Depths:1)
  Harold (D:7)
  4 centaur warriors
  A death knight (D:13)
  3 two-headed ogres
  An ogre mage (D:9)
  A tengu warrior (D:14)
  4 unseen horrors
  A glowing orange brain (Depths:1)
  A deep elf mage (D:15)
  A shadow dragon zombie (Depths:1)
  A necromancer (Depths:1)
  An orc knight (D:15)
  13 ugly things
  4 manticores
  3 cyclopes
  3 centaur zombies
  Psyche (D:8)
  A molten gargoyle (D:11)
  A freezing wraith (D:15)
  A komodo dragon (D:13)
  A merfolk (D:11)
  7 trolls
  3 meliai (D:13)
  A raiju (shapeshifter) (D:15)
  2 hippogriffs
  A fire dragon zombie (Depths:1)
  An ettin skeleton (Depths:1)
  3 wyverns
  2 water elementals (D:13)
  A wraith (D:14)
  14 yaks
  A yak (shapeshifter) (D:15)
  5 hungry ghosts
  A yaktaur simulacrum (Depths:1)
  3 soldier ants
  2 water moccasins
  A human skeleton (Depths:1)
  A black bear (D:8)
  5 orc warriors
  4 sky beasts
  2 ice beasts
  11 ogres
  3 necrophages
  A phantom (D:10)
  13 centaurs
  A big kobold (D:13)
  2 crocodiles
  7 bullfrogs
  A water moccasin zombie (D:10)
  A wyvern skeleton (D:12)
  4 scorpions
  7 killer bees
  8 wights (D:13)
  6 electric eels
  3 howler monkeys (D:8)
  7 crimson imps
  5 hounds
  A jelly (D:11)
  A bullfrog zombie (D:7)
  11 orc priests
  5 centaur skeletons
  An iguana (D:8)
  9 orc wizards
  10 worker ants
  5 hound skeletons
  2 worker ant zombies
  7 adders
  10 gnolls
  2 shadow imps
  An ooze (D:2)
  3 adder skeletons
  A worm (D:3)
  5 dart slugs
  4 leopard geckos
  43 orcs
  2 ball pythons
  10 bats
  5 giant cockroaches
  8 goblins
  9 hobgoblins
  2 jackals (D:4)
  4 quokkas
  6 frilled lizards
  A jackal zombie (D:5)
  12 kobolds
  A leopard gecko zombie (D:7)
  A quokka zombie (D:5)
  5 rats
  A fungus (D:11)
385 creatures vanquished.

Vanquished Creatures (collateral kills)
  Gastronok (D:12)
  A stone giant (Depths:1)
  A vault guard (D:14)
  Erica (D:8)
  An ugly thing (D:11)
  A manticore (D:9)
  A yaktaur (shapeshifter) (D:13)
  2 orc warriors
  A gnoll sergeant (D:12)
  A scorpion (D:9)
  A crimson imp (D:8)
  2 gnolls (D:12)
  5 orcs
19 creatures vanquished.

Vanquished Creatures (others)
  A black bear (D:8)
  A bullfrog (D:8)
  2 big kobolds (D:8)
  2 worker ants (D:8)
  An adder (D:8)
  6 kobolds (D:8)
13 creatures vanquished.

Grand Total: 417 creatures vanquished

Notes
Turn   | Place    | Note
-------+----------+-------------------------------------------
     0 | D:1      | CozyGlow the Minotaur Berserker began the quest for the
                  | Orb.
     0 | D:1      | Reached XP level 1. HP: 19/19 MP: 0/0
     6 | D:1      | Noticed a six-headed hydra
     6 | D:1      | Noticed a black bear
     6 | D:1      | Noticed a water moccasin
    72 | D:1      | Reached XP level 2. HP: 27/27 MP: 1/1
   238 | D:1      | Reached skill level 4 in Fighting
  1259 | D:1      | Reached XP level 3. HP: 31/33 MP: 2/2
  2432 | D:2      | Reached ** piety under Trog
  2432 | D:2      | Reached XP level 4. HP: 13/41 MP: 3/3
  2863 | D:2      | Found a sparkling altar of Nemelex Xobeh.
  3268 | D:2      | Found a hide-covered altar of Uskayaw.
  3269 | D:2      | Found a glowing golden altar of the Shining One.
  3405 | D:3      | Reached skill level 5 in Fighting
  3496 | D:3      | Reached XP level 5. HP: 48/48 MP: 4/4
  3592 | D:3      | Reached skill level 5 in Axes
  3862 | D:4      | Reached *** piety under Trog
  3920 | D:4      | Noticed an ogre
  3926 | D:4      | Killed an ogre
  3926 | D:4      | Reached skill level 5 in Armour
  3926 | D:4      | Reached XP level 6. HP: 57/57 MP: 5/5
  3929 | D:4      | Reached skill level 6 in Fighting
  4272 | D:4      | Reached XP level 7. HP: 64/64 MP: 6/6
  4606 | D:5      | Entered Level 5 of the Dungeon
  4808 | D:5      | Reached skill level 7 in Fighting
  5140 | D:5      | Reached XP level 8. HP: 73/73 MP: 7/7
  5158 | D:5      | Found a staircase to the Ecumenical Temple.
  5510 | D:5      | Reached skill level 8 in Fighting
  5950 | D:6      | Reached **** piety under Trog
  6031 | D:6      | Found a snail-covered altar of Cheibriados.
  6563 | D:6      | Found an iron altar of Okawaru.
  6968 | D:7      | Found Oguepohozu's Antique Weapon Emporium.
  6975 | D:7      | Found Wipri's Antique Armour Shoppe.
  7171 | D:7      | Noticed Harold
  7249 | D:7      | Killed Harold
  7249 | D:7      | Reached skill level 9 in Fighting
  7249 | D:7      | Reached XP level 9. HP: 84/84 MP: 8/8
  7303 | D:7      | Found Ysedghiyq's Weapon Boutique.
  7350 | D:7      | Found Lylazxoq's Armour Shoppe.
  7438 | D:7      | Reached skill level 5 in Dodging
  7440 | D:7      | Reached skill level 10 in Fighting
  7695 | D:7      | Bought a dazzling executioner's axe for 420 gold pieces
  7695 | D:7      | Identified the +2 executioner's axe "Arbiter" {drain,
                  | Int+3} (You bought it in a shop on level 7 of the Dungeon)
  8118 | D:8      | Noticed Erica
  8119 | D:8      | Noticed Psyche
  8123 | D:8      | Killed Erica
  8131 | D:8      | Killed Psyche
  8131 | D:8      | Reached XP level 10. HP: 73/94 MP: 9/9
  8202 | D:8      | Reached skill level 11 in Fighting
  8233 | D:8      | Found a stormy altar of Qazlal.
  8435 | D:8      | Found an ancient bone altar of Kikubaaqudgha.
  8604 | D:8      | Found a shimmering altar of Xom.
  8678 | D:8      | Found a staircase to the Lair.
  8886 | D:9      | Reached skill level 10 in Axes
  9026 | D:9      | Noticed a centaur warrior
  9027 | D:9      | Found the +6 lightning scales {run, rElec}
  9029 | D:9      | Noticed an ogre mage
  9322 | D:9      | Killed an ogre mage
  9340 | D:9      | Noticed a manticore
  9346 | D:9      | Killed a manticore
  9440 | D:9      | Reached skill level 12 in Fighting
  9456 | D:9      | Got a polished whip
  9583 | D:9      | Found Galehuat's Antique Armour Shop.
 10104 | D:10     | Entered Level 10 of the Dungeon
 10266 | D:10     | Noticed an unseen horror
 10276 | D:10     | Killed an unseen horror
 10936 | D:10     | Reached XP level 11. HP: 103/105 MP: 10/10
 11234 | D:11     | Found a staircase to the Orcish Mines.
 11266 | D:11     | Noticed a brown ugly thing
 11275 | D:11     | Killed a brown ugly thing
 11300 | D:11     | Noticed an unseen horror
 11314 | D:11     | Killed an unseen horror
 11608 | D:11     | Noticed a two-headed ogre
 11618 | D:11     | Reached skill level 13 in Fighting
 11621 | D:11     | Killed a two-headed ogre
 11621 | D:11     | Reached skill level 10 in Dodging
 11766 | D:11     | Noticed a green ugly thing
 11779 | D:11     | Killed a green ugly thing
 12418 | D:11     | Noticed a two-headed ogre
 12481 | D:11     | Killed a two-headed ogre
 12655 | D:11     | Reached skill level 14 in Fighting
 13662 | D:12     | Noticed Gastronok
 13673 | D:12     | Killed Gastronok
 13675 | D:12     | Noticed a white ugly thing
 13679 | D:12     | Killed a white ugly thing
 13742 | D:12     | Upgraded the game from 0.23-a0-171-g5ae17c6 to
                  | 0.23-a0-172-g8f65603
 13810 | D:12     | Reached XP level 12. HP: 118/118 MP: 11/11
 14852 | D:13     | Found Ogoqoj's Armour Shop.
 14858 | D:13     | Bought a +0 pair of gloves for 72 gold pieces
 14895 | D:13     | Reached skill level 15 in Fighting
 15230 | D:13     | Noticed a death knight
 15279 | D:13     | Noticed a centaur warrior
 15292 | D:13     | Killed a centaur warrior
 15564 | D:13     | Killed a death knight
 15564 | D:13     | Reached skill level 10 in Armour
 16007 | D:13     | Noticed a two-headed ogre
 16026 | D:13     | Killed a two-headed ogre
 16561 | D:14     | Reached skill level 16 in Fighting
 16573 | D:14     | Noticed a vault guard
 16590 | D:14     | Killed a vault guard
 16604 | D:14     | Found a gate to the Vaults.
 16725 | D:14     | Found a shadowy altar of Dithmenos.
 16726 | D:14     | Noticed a tengu warrior
 16745 | D:14     | Killed a tengu warrior
 16775 | D:14     | Found a portal to a secret trove of treasure.
 17283 | D:15     | Entered Level 15 of the Dungeon
 17283 | D:15     | Noticed a centaur warrior
 17291 | D:15     | Killed a centaur warrior
 17291 | D:15     | Reached XP level 13. HP: 130/130 MP: 12/12
 17656 | D:15     | Noticed an entropy weaver
 17656 | D:15     | an ice dragon changed into an entropy weaver
 17659 | D:15     | Killed an entropy weaver
 17660 | D:15     | Noticed Rupert
 17671 | D:15     | Paralysed by Rupert for 3 turns
 17687 | D:15     | Paralysed by Rupert for 3 turns
 17692 | D:15     | Killed Rupert
 17692 | D:15     | Reached skill level 17 in Fighting
 18154 | D:15     | Found a staircase to the Depths.
 18544 | Depths:1 | Entered Level 1 of the Depths
 18571 | Depths:1 | Reached ***** piety under Trog
 18583 | Depths:1 | Noticed a stone giant
 18909 | Depths:1 | Killed a stone giant
 18914 | Depths:1 | Noticed a fire giant
 18922 | Depths:1 | Killed a fire giant
 19113 | Depths:1 | Reached skill level 18 in Fighting
 19174 | Depths:1 | Noticed an ettin
 19181 | Depths:1 | Killed an ettin
 19324 | Depths:1 | Noticed a fire dragon
 19464 | Depths:1 | Noticed a brown very ugly thing
 19464 | Depths:1 | Noticed a brown very ugly thing
 19464 | Depths:1 | Noticed a brown very ugly thing
 19465 | Depths:1 | Found a one-way gate to the infinite horrors of the Abyss.
 19493 | Depths:1 | Killed a green very ugly thing
 19496 | Depths:1 | Killed a purple very ugly thing
 19496 | Depths:1 | Reached XP level 14. HP: 143/143 MP: 13/13
 19500 | Depths:1 | Killed a brown very ugly thing
 19534 | Depths:1 | HP: 3/144 [spark wasp[a boggart] (16)]
 19534 | Depths:1 | Slain by a spark wasp

Vault maps used:
D:1:      onia_arrival_zoo_common
D:2:      gammafunk_temple_overflow_pools, nemelex_xobeh_ov_fountains_minmay,
          first_ration
D:5:      minmay_temple_entry_trees
D:6:      lemuel_doored_altar, okawaru_ov_weapons_minmay
D:7:      serial_shops, shop_fountains, shop_fountains, shop_coins, shop,
          uniq_harold
D:8:      marbit_many_paths, grunt_qazlal_clouds, lair_entry_dummy,
          xom_confusion_cloud, uniq_erica, uniq_psyche
D:9:      minmay_the_grid_plus, serial_shops, shop_fountains
D:11:     hangedman_fish_farm, nicolae_lava_and_water, water_boxes_lemuel
D:12:     lab_entry_generic, uniq_gastronok
D:13:     serial_shops, nicolae_shop_stone, serial_bayou_pond_d
D:14:     david_vaults_5, enter_trove_1,
          nicolae_dithmenos_through_a_glass_darkly, serial_park_tiny_2
D:15:     grunt_enter_depths_snipers, nrook_mini_backslash, uniq_rupert
Depths:1: minmay_distorted_concentric_squares, hangedman_abyss_or_decor_stagger,
          hell_entry, abyss_entry, kennysheep_generic_room_6

Skill      XL: |  1  2  3  4  5  6  7  8  9 10 11 12 13 |
---------------+----------------------------------------+-----
Fighting       | 4 5 6 7 9 10 12 14 16 18 | 18.4
Axes           | 4 5 6 7 9 10 12 13 14 | 14.7
Armour         | 3 4 5 6 8 9 10 12 | 12.6
Dodging        | 4 6 9 10 | 10.4

Action                   |  1- 3 |  4- 6 |  7- 9 | 10-12 | 13-15 || total
-------------------------+-------+-------+-------+-------+-------++-------
Melee: Hand axe          |    67 |   125 |    35 |       |       ||   227
       Headbutt          |     5 |    19 |    28 |    90 |    37 ||   179
       Battleaxe         |       |       |   127 |       |       ||   127
       Executioner's axe |       |       |    18 |   401 |   157 ||   576
Throw: Stone             |       |     2 |       |     1 |       ||     3
Invok: Berserk           |     3 |     6 |    10 |    19 |     7 ||    45
       Trog's Hand       |       |       |     2 |       |       ||     2
       Brothers in Arms  |       |       |     1 |     8 |     2 ||    11
  Use: Scroll            |     2 |     4 |     5 |    11 |     2 ||    24
       Potion            |     1 |       |     2 |     6 |     1 ||    10
  Eat: Ration            |     1 |     2 |     3 |    15 |     5 ||    26
       Chunk             |     1 |     9 |    13 |    10 |       ||    33
Armor: Animal skin       |     9 |       |       |       |       ||     9
       Leather armour    |     3 |     3 |       |       |       ||     6
       Chain mail        |       |    48 |   122 |    92 |       ||   262
       Plate armour      |       |       |       |   134 |   116 ||   250
Dodge: Dodged            |    59 |    65 |    91 |   351 |   160 ||   726

Table legend:
 A = Non-vault XP
 B = Vault XP
 C = Vault XP percentage of total XP
 D = Non-vault monster count
 E = Vault monster count
 F = Vault count percentage of total count
                 A         B        C        D         E       F
            +---------+---------+-------+---------+---------+-------
      Total |   54512 |   14891 |  21.5 |     367 |      36 |   8.9
            +---------+---------+-------+---------+---------+-------
        D:1 |      49 |       0 |   0.0 |      27 |       0 |   0.0
        D:2 |     135 |       0 |   0.0 |      22 |       0 |   0.0
        D:3 |      79 |       0 |   0.0 |      19 |       0 |   0.0
        D:4 |     718 |       0 |   0.0 |      24 |       0 |   0.0
        D:5 |     925 |       0 |   0.0 |      27 |       0 |   0.0
        D:6 |     509 |       0 |   0.0 |      13 |       0 |   0.0
        D:7 |    1048 |     997 |  48.8 |      15 |       1 |   6.2
        D:8 |     831 |     896 |  51.9 |      10 |       5 |  33.3
        D:9 |    1226 |    1531 |  55.5 |      18 |      15 |  45.5
       D:10 |    2686 |       0 |   0.0 |      24 |       0 |   0.0
       D:11 |    7428 |     309 |   4.0 |      31 |       1 |   3.1
       D:12 |    3740 |    1120 |  23.0 |      25 |       1 |   3.8
       D:13 |    7652 |       0 |   0.0 |      50 |       0 |   0.0
       D:14 |    2814 |    2470 |  46.7 |       8 |       7 |  46.7
       D:15 |    9216 |    5440 |  37.1 |      32 |       4 |  11.1
   Depths:1 |   15456 |    2128 |  12.1 |      22 |       2 |   8.3
            +---------+---------+-------+---------+---------+-------
